 Dungeon Crawl Stone Soup version 0.29-a0-338-g1ff7896281 (webtiles) character file.

Game seed: 7349475707283791930

596 Antichthon the Cleaver (level 7, -12/60 HPs)
             Began as a Naga Warper on Apr 18, 2022.
             Was an Initiate of Cheibriados.
             Killed from afar by a steam dragon (17 damage)
             ... with a ball of steam
             ... on level 6 of the Dungeon.
             The game lasted 00:07:27 (5556 turns).

Antichthon the Cleaver (Naga Warper)                Turns: 5556, Time: 00:07:28

Health: -12/60     AC:  5    Str: 15    XL:     7   Next: 40%
Magic:  10/10      EV: 10    Int: 14    God:    Cheibriados [......]
Gold:   291        SH:  0    Dex: 13    Spells: 3/10 levels left

rFire   . . .      SeeInvis +   a - +0 battleaxe
rCold   + . .      Faith    .   (shield currently unavailable)
rNeg    . . .      Spirit   .   k - +2 robe {rC+}
rPois   +          Reflect  .   (no helmet)
rElec   .          Harm     .   (no cloak)
rCorr   .          Rampage  .   (no gloves)
Will    .....                   (no barding)
Stlth   +.........              (no amulet)
HPRegen 0.20/turn               (no ring)
MPRegen 0.12/turn               (no ring)

@: short of breath, very slow
A: AC +2, large, see invisible, deformed body, poison resistance, slowness 2,
spit poison 1, naga tail 1
a: Spit Poison, Renounce Religion


You were on level 6 of the Dungeon.
You worshipped Cheibriados.
Cheibriados was noncommittal.
You visited 2 branches of the dungeon, and saw 7 of its levels.

You collected 291 gold pieces.

Inventory:

Hand Weapons
 a - a +0 battleaxe (weapon)
 b - a +0 hunting sling
 d - a +0 vorpal war axe
Missiles
 s - 7 boomerangs of dispersal (quivered)
Armour
 k - a +2 robe of cold resistance (worn)
Wands
 p - a wand of mindburst (8)
Scrolls
 c - a scroll of blinking
 g - 4 scrolls of identify {unknown}
 h - a scroll of immolation {unknown}
 i - a scroll of vulnerability {unknown}
 n - a scroll of amnesia {unknown}
 o - a scroll of teleportation {unknown}
 q - a scroll of noise {unknown}
Potions
 e - 3 potions of curing {unknown}
 f - a potion of mutation {unknown}
 j - 2 potions of magic {unknown}
 l - 2 potions of might {unknown}
 m - a potion of attraction {unknown}
 r - a potion of flight {unknown}
 t - a potion of heal wounds {unknown}
 u - a potion of ambrosia {unknown}


   Skills:
 - Level 2.0 Fighting
 + Level 8.0 Axes
 - Level 0.8 Throwing
 - Level 0.7 Armour
 - Level 1.5 Dodging
 - Level 2.0 Spellcasting
 - Level 3.0 Translocations


You had 3 spell levels left.
You knew the following spells:

 Your Spells              Type           Power      Damage    Failure   Level
a - Blink                 Tloc           18%        N/A       11%         2
b - Teleport Other        Tloc           9%         N/A       21%         3
c - Passwall              Tmut/Erth      0%         N/A       34%         2

Your spell library contained the following spells:

 Spells                   Type           Power      Damage    Failure   Level
 Gell's Gravitas          Tloc           9%         N/A       21%         3
 Lesser Beckoning         Tloc           9%         N/A       21%         3
 Magic Dart               Conj           4%         1d3       24%         1
 Shock                    Conj/Air       4%         1d3       24%         1
 Call Imp                 Summ           1%         N/A       34%         2
 Ensorcelled Hibernation  Hex/Ice        2%         N/A       34%         2
 Static Discharge         Conj/Air       1%         N/A       34%         2
 Mephitic Cloud           Conj/Pois/Air  1%         N/A       56%         3
 Swiftness                Air            1%         N/A       56%         3
 Manifold Assault         Tloc           9%         N/A       88%         5
 Airstrike                Air            0%         N/A       93%         4
 Dispel Undead            Necr           1%         3d6       93%         4
 Sticky Flame             Conj/Fire      1%         2d3       93%         4


Dungeon Overview and Level Annotations

Branches:
Dungeon (6/15)             Temple (1/1) D:4

Altars:
Ashenzari
Cheibriados
Dithmenos
Elyvilon
Fedhas
Gozag
Hepliaklqana
Kikubaaqudgha
Makhleb
Nemelex Xobeh
Okawaru
Qazlal
Ru
Sif Muna
Trog
Uskayaw
Vehumet
Wu Jian
Xom
Yredelemnul
Zin
The Shining One

Shops:
D:2 !

Annotations:
D:3 1 runed translucent door, Crazy Yiuf


Innate Abilities, Weirdness & Mutations

Your serpentine skin is tough. (AC +2)
You have supernaturally acute eyesight. (SInv)
Armour fits poorly on your strangely shaped body.
Your system is resistant to poisons. (rPois)
You cover ground very slowly.
You can spit poison.
You have a snake-like lower body.


Message History

The steam dragon breathes steam at you. The ball of steam misses you.
You hear an angry hiss.
Unknown command.
You completely miss the steam dragon.
The steam dragon is severely wounded.
You are engulfed in a cloud of scalding steam.
The steam dragon bites you but does no damage.
The steam dragon closely misses you. The steam dragon barely misses you.
The steam dragon claws you.
An adder comes into view.
The adder hisses angrily.
You hit the steam dragon.
The steam dragon is almost dead.
The steam dragon bites you but does no damage.
The steam dragon claws you but does no damage.
You barely miss the steam dragon.
The steam dragon is almost dead.
The steam dragon bites you!
* * * LOW HITPOINT WARNING * * *
The steam dragon claws you.
* * * LOW HITPOINT WARNING * * *
Unknown command.
You hit the steam dragon but do no damage.
The steam dragon is almost dead.
The steam dragon barely misses you. The steam dragon closely misses you.
Unknown command.
Aiming: Spit Poison (1% risk of failure)
Press: ? - help, Shift-Dir - straight line, f - steam dragon
Aim: a steam dragon (almost dead, 59% to hit)
The splash of poison misses the steam dragon.
The steam dragon bites you!
* * * LOW HITPOINT WARNING * * *
The steam dragon barely misses you.
Blink to where?
Press: ? - help, Dir - move target, p - steam dragon
As you read the scroll of blinking, it crumbles to dust.
The steam dragon breathes steam at you. The ball of steam hits you!
You die...

#...... #........
#.......#
#.......# ##
........#.
###..###.........
................#
.?..##@........
........§...###
.........§#.#
......###§..#
.....# #..D##
..... #S#.# ....
.. .. #.## ...
.## .... ..


You could see a steam dragon (catching breath).

Vanquished Creatures
  Sigmund (D:2)
  A black bear (D:5)
  An ogre (D:5)
  A centaur (D:5)
  A hound (D:5)
  A jelly (D:5)
  Terence (D:2)
  3 adders
  A white imp (D:5)
  A worm (D:2)
  2 dart slugs
  4 orcs
  7 ball pythons
  A bat (D:3)
  7 endoplasms
  A giant cockroach (D:1)
  3 goblins
  3 hobgoblins
  6 jackals (D:1)
  5 kobolds
  3 quokkas
  2 frilled lizards
  7 rats
63 creatures vanquished.

Vanquished Creatures (others)
  A plant (D:1)
1 creature vanquished.

Grand Total: 64 creatures vanquished

Notes
Turn   | Place    | Note
-------+----------+-------------------------------------------
     0 | D:1      | Antichthon the Naga Warper began the quest for the Orb.
     0 | D:1      | Reached XP level 1. HP: 19/19 MP: 3/3
   376 | D:1      | Found a faded altar of an unknown god.
   396 | D:1      | Reached XP level 2. HP: 20/26 MP: 5/5
   758 | D:1      | Reached skill level 3 in Axes
  1424 | D:1      | Reached XP level 3. HP: 32/32 MP: 6/6
  1427 | D:1      | Learned a level 2 spell: Blink
  1431 | D:1      | Learned a level 3 spell: Teleport Other
  1948 | D:2      | Noticed Sigmund
  1965 | D:2      | Killed Sigmund
  1966 | D:2      | Reached skill level 5 in Axes
  1966 | D:2      | Reached XP level 4. HP: 19/39 MP: 7/7
  1966 | D:2      | Reached XP level 5. HP: 22/45 MP: 8/8
  2161 | D:2      | Found Konisut's Distillery.
  2258 | D:2      | Noticed Terence
  2264 | D:2      | Killed Terence
  2265 | D:2      | Reached skill level 6 in Axes
  2265 | D:2      | Reached XP level 6. HP: 52/52 MP: 9/9
  2866 | D:3      | Learned a level 2 spell: Passwall
  3058 | D:3      | Found a runed translucent door.
  3059 | D:3      | Noticed Crazy Yiuf
  3704 | D:4      | Found a staircase to the Ecumenical Temple.
  3720 | Temple   | Entered the Ecumenical Temple
  3763 | Temple   | Became a worshipper of Cheibriados the Contemplative
  4071 | D:4      | Noticed an orc warrior
  4079 | D:5      | Entered Level 5 of the Dungeon
  4539 | D:5      | Reached skill level 7 in Axes
  4743 | D:5      | Noticed a black bear
  4754 | D:5      | Killed a black bear
  4755 | D:5      | Reached XP level 7. HP: 40/60 MP: 10/10
  5056 | D:5      | Reached skill level 8 in Axes
  5253 | D:5      | Found a sacrificial altar of Ru.
  5542 | D:6      | Noticed a steam dragon
  5556 | D:6      | Killed from afar by a steam dragon

Illustrated notes

Levels and vault maps discovered:
D:1:      dpeg_arrival_prison, layout_basic,
          shapermc_ecumenical_altar_acropolis, serial_bayou_pond_d
D:2:      layout_basic, serial_shops, nicolae_shop_advertising_works
          [nicolae_subvault_shop_adworks], uniq_terence, uniq_sigmund
D:3:      layout_loops_ring, uniq_crazy_yiuf_cottage
D:4:      layout_rooms, minmay_temple_entry_arrows, minmay_manual_moon
D:5:      layout_loops_corners, nicolae_ru_the_path_less_chosen
D:6:      layout_rooms
Temple:   nicolae_temple_the_god_donut

Skill      XL: |  1  2  3  4  5  6  7 |
---------------+----------------------+-----
Axes           | 3 5 6 7 8 |  8.0
Fighting       | |  2.0
Throwing       | |  0.8
Armour         | |  0.7
Dodging        | |  1.5
Spellcasting   | |  2.0
Translocations | |  3.0

Action                   |  1- 3 |  4- 6 |  7- 9 || total
-------------------------+-------+-------+-------++-------
Melee: Hand axe          |   106 |    63 |       ||   169
       Punch             |     2 |       |       ||     2
       War axe           |       |    23 |       ||    23
       Battleaxe         |       |    11 |    15 ||    26
 Cast: Blink             |       |     1 |       ||     1
 Abil: Spit Poison       |    12 |    19 |     3 ||    34
  Use: Scroll            |       |     1 |     1 ||     2
 Stab: Sleeping          |       |       |     1 ||     1
Armor: Leather armour    |    20 |       |       ||    20
       Robe              |       |    47 |     7 ||    54
Dodge: Dodged            |    56 |    68 |    16 ||   140

Table legend: (Time is in decaauts)
 A = Elapsed time spent in this place.
 B = Non-inter-level travel time spent in this place.
 C = Inter-level travel time spent in this place.
 D = Time resting spent in this place.
 E = Time spent auto-exploring this place.
 F = Levels seen in this place.
 G = Mean time per level.
                   A        B        C        D        E       F      G
               +--------+--------+--------+--------+--------+-----+--------+
         Total |   7252 |   7084 |    168 |    200 |   6003 |   7 | 1036.0 |
       Dungeon |   6821 |   6680 |    141 |    200 |   5632 |   6 | 1136.8 |
        Temple |    430 |    404 |     26 |      0 |    371 |   1 |  430.0 |
               +--------+--------+--------+--------+--------+-----+--------+

Top non-repeatable levels by time:
     D:5: 2235 daAuts
     D:1: 1914 daAuts
     D:3: 1089 daAuts
     D:2: 960 daAuts
     D:4: 603 daAuts
  Temple: 430 daAuts
     D:6: 18 daAuts
